 Dungeon Crawl Stone Soup version 0.13.0-65-g2bb7898 (webtiles) character file.

31473 Chiseanne the Prestidigitator (level 13, -3/95 (98) HPs)
             Began as a Vampire Artificer on Nov 27, 2013.
             Was the Champion of Nemelex Xobeh.
             Slain by a naga warrior
             ... wielding a +0,+0 dire flail
              (22 damage)
             ... on Level 12 of the Dungeon.
             The game lasted 01:56:07 (18849 turns).

Chiseanne the Prestidigitator (Vampire Artificer)  Turns: 18849, Time: 01:56:07

HP  -3/95 (98)   AC 16     Str 13      XL: 13   Next: 23%
MP  24/34        EV 14     Int 22      God: Nemelex Xobeh [******]
Gold 564         SH 19     Dex 14      Spells:  1 memorised, 11 levels left

Res.Fire  : + + .   See Invis. : +   s - +10,+4 trident of the Octopus King {venom, rElec rPois MR+}
Res.Cold  : . . .   Warding    : .   w - +2 robe "Eduosuh" {rElec rF+ Stlth}
Life Prot.: + . .   Conserve   : .   N - +0 shield
Res.Poison: +       Res.Corr.  : .   b - +3 hat of Pondering {ponderous, MR+ MP+10 Int+5}
Res.Elec. : +       Clarity    : .   L - +0 cloak
Sust.Abil.: . .     Spirit.Shd : .   J - +2 pair of gloves of Love and Death {Int+2 Dam+6}
Res.Mut.  : .       Stasis     : .   K - +0 pair of boots
Res.Rott. : .       Flight     : .   (no amulet)
Saprovore : . . .                    d - +3 ring of protection
                                     x - ring of protection from magic

@: sage [Dodging], very slightly contaminated, constricted, heavily drained,
slow, extraordinarily resistant to hostile enchantments, stealthy
A: bottle blood, fangs 3, see invisible, fire resistance 1, -10% mp, unbreathing
a: Bat Form, Bottle Blood, Draw One, Peek at Two, Triple Draw, Deal Four, Stack
Five, Renounce Religion


You were on level 12 of the Dungeon.
You worshipped Nemelex Xobeh.
Nemelex Xobeh was exalted by your worship.
You were not thirsty.

You visited 2 branches of the dungeon, and saw 13 of its levels.

You collected 556 gold pieces.

Inventory:

Hand weapons
 a - a +2,+4 whip of electrocution
 s - the +10,+4 trident of the Octopus King (weapon) {venom, rElec rPois MR+}
   (You found it on level 7 of the Dungeon)

   It poisons the flesh of those it strikes.
   It insulates you from electricity.
   It protects you from poison.
   It affects your resistance to hostile enchantments.
 I - a +1 blowgun
Missiles
 o - 7 javelins of penetration (quivered)
 F - 3 needles of sleeping
Armour
 b - the +3 hat of Pondering (worn) {ponderous, MR+ MP+10 Int+5}
   (You found it on level 7 of the Dungeon)

   It affects your intelligence (+5).
   It affects your resistance to hostile enchantments.
   It affects your magic capacity (+10).
 c - a +2 robe of positive energy
 j - a cursed +2 robe of magic resistance
 l - a +2 robe of cold resistance
 n - a cursed +0 troll hide
 r - a +1 plate armour of fire resistance
 w - the +2 robe "Eduosuh" (worn) {rElec rF+ Stlth}
   (You found it on level 12 of the Dungeon)

   It protects you from fire.
   It insulates you from electricity.
   It makes you more stealthy.
 J - the +2 pair of gloves of Love and Death (worn) {Int+2 Dam+6}
   (You acquired it on level 7 of the Dungeon)

   It affects your intelligence (+2).
   It affects your damage-dealing abilities (+6).
 K - a +0 pair of boots (worn)
 L - a +0 cloak (worn)
 N - a +0 shield (worn)
Magical devices
 C - a wand of lightning (7)
Scrolls
 e - a scroll of fear
 g - 9 scrolls of identify
 k - 4 scrolls of teleportation
 u - 4 scrolls of remove curse
 v - 2 scrolls of recharging
 y - a scroll of enchant weapon III {unknown}
 H - 5 scrolls of fog
 O - a scroll of silence
Jewellery
 d - a +3 ring of protection (right hand)
 x - a ring of protection from magic (left hand)
Potions
 z - a potion of curing
 A - a potion of flight
 G - 2 potions of restore abilities
Books
 h - Sif Muna's Tome of Beguiling
   (You found it on level 9 of the Dungeon)

   Spells                             Type                      Level
   Confusing Touch                    Hexes                        1
 q - a book of Cantrips

   Spells                             Type                      Level
   Confusing Touch                    Hexes                        1
   Animate Skeleton                   Necromancy                   1
   Summon Small Mammal                Summoning                    1
   *Apportation                       Translocation                1
 B - a book of Annihilations {highlevel}

   This book is beyond your current level of understanding.

   Spells                             Type                      Level
   Poison Arrow                       Conjuration/Poison           6
   Orb of Destruction                 Conjuration                  7
   Chain Lightning                    Conjuration/Air              8
   Lehudib's Crystal Spear            Conjuration/Earth            8
   Ice Storm                          Conjuration/Ice              9
   Fire Storm                         Conjuration/Fire             9
Miscellaneous
 f - an ornate deck of escape {drawn: 5} {god gift}
 i - a legendary deck of escape {drawn: 1} {god gift}
 p - an ornate deck of changes {drawn: 2}
 t - a legendary deck of summonings {drawn: 2} {god gift}
 D - a fan of gales (inert)
 M - an ornate deck of wonders {drawn: 3} {god gift}
 P - a legendary deck of escape {drawn: 1} {god gift}
 S - a lantern of shadows


   Skills:
 * Level 10.4(8.6) Fighting
   Level 1.1(0.0) Short Blades
 - Level 4.4(2.9) Maces & Flails
 * Level 4.3(2.8) Polearms
 * Level 6.9(5.3) Armour
 - Level 8.4(6.7) Dodging
 - Level 4.1(2.6) Stealth
 * Level 6.8(5.2) Shields
 - Level 6.3(4.7) Unarmed Combat
   Level 1.1(0.0) Fire Magic
 * Level 10.6(8.8) Evocations


You had 11 spell levels left.
You knew the following spells:

 Your Spells              Type           Power        Failure   Level  Hunger
a - Apportation           Tloc           #.........   43%         1    ##.....


Dungeon Overview and Level Annotations

Branches:
Dungeon (12/27)            Temple (1/1) D:6             Orc (0/4) D:8
   Lair: D:8-13

Altars:
Ashenzari
Cheibriados
Elyvilon
Fedhas
Kikubaaqudgha
Makhleb
Nemelex Xobeh
Okawaru
Sif Muna
Trog
Vehumet
Xom
Yredelemnul
Zin
the Shining One

Shops:
D:2 *   D:5 }

Annotations:
D:3 exclusion: oklob plant
D:10 Fannar


Innate Abilities, Weirdness & Mutations

You can bottle blood from corpses.
You have razor-sharp teeth.*
You have supernaturally acute eyesight.
You can survive without breathing.*
Your flesh is heat resistant.*+ Your magical capacity is low (-10% MP).+


Message History

Your insubstantial wisp disappears in a puff of smoke!
Your insubstantial wisp hits the naga warrior.
Your spiny frog stings the naga warrior!
You block the naga warrior's attack. The naga warrior grabs you.
* * * LOW HITPOINT WARNING * * *
The naga warrior constricts you.
Your insubstantial wisp hits the naga warrior!
Your attempt to break free from the naga warrior fails, but you feel that another attempt might succeed.
Your spiny frog stings the naga warrior!
The naga warrior hits your spiny frog with a dire flail!
* * * LOW HITPOINT WARNING * * *
The naga warrior constricts you!
Your insubstantial wisp blinks!
You puncture the naga warrior!
The naga warrior is severely wounded.
Your spiny frog barely misses the naga warrior.
Your spiny frog misses the naga warrior.
The naga warrior hits you with a dire flail!
You die...
Your body glows with a rainbow of weird colours and disappears.

..# ##################...... ..#
#>.......(v.....>#...... #.#
###.......♣.♣..######### #.#
#♣...♣)..♣..♣# #.# #####
##......♣.♣.# #.# #...#
#>#..♣.♣.♣.#># #.#
#...######.♣hl.♣..### #.#
#.......##♣N♣Yj..♣# ####### #.#
#...#######F@H...#####.....# #.#
#........###♣j_♣###........# #.#
#....##### )####)#####.....## #.#
#....# #### ### ###.....
#.####.#.######.############.....
#.##.............................
#.##.#.#.######.############.....
#.##.#.#.######.###.....# #.##.#
#................<.<....# #.##.#


You could see a naga warrior, 2 friendly agate snails, a friendly komodo dragon,
a friendly hippogriff, a friendly spiny frog, a friendly hog, a friendly sheep
and a friendly insubstantial wisp.

Vanquished Creatures
  A hydra (D:12)
  Erolcha (D:9)
  An unseen horror (D:10)
  The ghost of Zapata the Slicer, an experienced KoBe of Trog (D:6)
  A cyclops (D:12)
  Pikel (D:9)
  A wolf spider zombie (D:12)
  Maurice (D:9)
  A komodo dragon (D:12)
  A hydra zombie (D:10)
  3 two-headed ogres
  A trapdoor spider (D:12)
  3 trolls
  2 wyverns
  An ugly thing (D:10)
  A steam dragon (D:11)
  13 yaks
  A hill giant zombie (D:12)
  2 hippogriffs
  A hill giant skeleton (D:9)
  3 hungry ghosts
  2 manticores
  6 orc warriors
  A mottled dragon (D:11)
  2 black bears (D:9)
  5 ogres
  6 ice beasts
  A sky beast (D:8)
  A slave (D:9)
  2 necrophages
  2 phantoms
  6 iguanas
  6 centaurs
  The ghost of Seskara the Bolt Thrower, an average GrHu (D:3)
  8 giant frogs
  A big kobold (D:11)
  A gnoll sergeant (D:10)
  2 manticore skeletons (D:12)
  2 hippogriff zombies
  13 wights
  11 killer bees
  2 eyes of draining
  A hippogriff skeleton (D:11)
  11 crimson imps
  A quasit (D:11)
  A gnoll shaman (D:3)
  7 orc priests
  4 goliath beetles
  A two-headed ogre zombie (D:8)
  3 scorpions
  Crazy Yiuf (D:5)
  2 jellies
  A centaur skeleton (D:7)
  9 hounds
  14 orc wizards
  2 big fish (D:3)
  A black bear zombie (D:10)
  2 orange rats
  9 worker ants
  A sky beast zombie (D:9)
  A big kobold skeleton (D:10)
  A mummy (D:12)
  2 ogre skeletons (D:7)
  A hound skeleton (D:11)
  15 adders
  17 gnolls
  3 green rats (D:8)
  An inept item mimic (D:2)
  2 giant mites
  4 worms
  6 giant geckos
  An ooze (D:1)
  58 orcs
  18 bats
  11 goblins
  4 grey rats (D:8)
  14 hobgoblins
  18 jackals
  5 quokkas
  9 giant cockroaches
  5 giant newts
  2 giant spores
  A hobgoblin skeleton (D:4)
  A hobgoblin zombie (D:5)
  A jackal skeleton (D:4)
  18 kobolds
  3 kobold skeletons
  An orc skeleton (D:4)
  24 rats
  13 ballistomycetes
  2 fungi
455 creatures vanquished.

Vanquished Creatures (collateral kills)
  2 hill giants
  An orc knight (D:12)
  An orc warrior (D:9)
  An ogre (D:4)
  An insubstantial wisp (D:12)
  2 wights (D:6)
  A jelly (D:6)
  2 orc priests (D:9)
  A hound (D:10)
  An adder (D:4)
  A giant eyeball (D:5)
  An ooze (D:7)
  6 orcs
  A jackal (D:1)
  A giant gecko skeleton (D:4)
23 creatures vanquished.

Vanquished Creatures (others)
  A sun demon (D:10)
  A spiny frog (D:9)
  An ice beast (D:9)
  3 slaves (D:9)
  A big kobold (D:9)
  5 insubstantial wisps (D:12)
  A hound (D:12)
  An orange rat (D:9)
  An adder (D:9)
  5 kobolds
  A giant spore (D:8)
  8 toadstools (D:3)
29 creatures vanquished.

Grand Total: 507 creatures vanquished

Notes
Turn   | Place    | Note
--------------------------------------------------------------
     0 | D:1      | Chiseanne, the Vampire Artificer, began the quest for the Orb.
     0 | D:1      | Reached XP level 1. HP: 16/16 MP: 2/2
    57 | D:1      | Reached skill level 1 in Fighting
   172 | D:1      | Reached skill level 3 in Evocations
   333 | D:1      | Reached XP level 2. HP: 17/22 MP: 4/4
   698 | D:1      | Reached XP level 3. HP: 27/27 MP: 5/5
  1176 | D:2      | Found Zin's Purification Station.
  1177 | D:2      | Found a glowing silver altar of Zin.
  1479 | D:2      | Reached XP level 4. HP: 22/33 MP: 7/7
  1593 | D:2      | Reached skill level 1 in Armour
  1634 | D:2      | Found a burning altar of Makhleb.
  2041 | D:3      | Noticed Seskara's ghost (average GrHu)
  2434 | D:3      | Reached skill level 1 in Maces & Flails
  2461 | D:3      | Reached skill level 1 in Shields
  2461 | D:3      | Reached XP level 5. HP: 28/39 MP: 9/9
  3099 | D:3      | Found a shimmering altar of Xom.
  3127 | D:3      | Found a blossoming altar of Fedhas.
  3141 | D:3      | Reached skill level 4 in Dodging
  3141 | D:3      | Reached XP level 6. HP: 41/45 MP: 10/10
  3150 | D:3      | Paralysed by a crimson imp for 5 turns
  3211 | D:3      | Noticed an oklob plant
  3469 | D:3      | Killed Seskara's ghost
  3508 | D:3      | Reached XP level 7. HP: 46/51 MP: 12/12
  4464 | D:4      | Reached skill level 5 in Dodging
  4551 | D:4      | Reached XP level 8. HP: 52/57 MP: 14/14
  5029 | D:5      | Entered Level 5 of the Dungeon
  5029 | D:5      | Found Astroh's Gadget Boutique.
  5639 | D:5      | Noticed Crazy Yiuf
  5649 | D:5      | Killed Crazy Yiuf
  6236 | D:6      | Found a basalt altar of Yredelemnul.
  6411 | D:6      | Reached skill level 6 in Dodging
  6458 | D:6      | Found a staircase to the Ecumenical Temple.
  6519 | Temple   | Entered the Ecumenical Temple
  6889 | D:6      | Reached skill level 5 in Evocations
  7172 | D:6      | Noticed Zapata's ghost (experienced KoBe)
  7191 | D:6      | Killed Zapata's ghost
  7191 | D:6      | Reached skill level 7 in Dodging
  7191 | D:6      | Reached XP level 9. HP: 35/64 MP: 17/17
  7793 | D:7      | Found a sparkling altar of Nemelex Xobeh.
  7922 | D:7      | Found an iron altar of Okawaru.
  7940 | D:7      | Identified a scroll of acquirement
  7943 | D:7      | Got a pair of pitted gloves
  7959 | D:7      | Identified the +2 pair of gloves of Love and Death {Int+2 Dam+6} (You acquired it on level 7 of the Dungeon)
  8646 | D:8      | Reached skill level 5 in Shields
  8743 | D:8      | Found a staircase to the Orcish Mines.
  8797 | D:8      | Found a snail-covered altar of Cheibriados.
  8811 | D:8      | Reached skill level 1 in Polearms
  9074 | D:8      | Reached skill level 5 in Armour
  9101 | D:8      | Noticed an eight-headed hydra
  9669 | D:7      | Became a worshipper of Nemelex Xobeh
  9835 | D:7      | Received a gift from Nemelex Xobeh
  9843 | D:7      | Reached skill level 9 in Evocations
  9843 | D:7      | Reached XP level 10. HP: 71/71 MP: 23/23
 10008 | D:7      | Acquired Nemelex Xobeh's first power
 10320 | Temple   | Acquired Nemelex Xobeh's second power
 10320 | Temple   | Received a gift from Nemelex Xobeh
 11060 | D:3      | Acquired Nemelex Xobeh's third power
 11128 | D:3      | Received a gift from Nemelex Xobeh
 12208 | D:8      | Reached skill level 1 in Unarmed Combat
 12405 | D:9      | Acquired Nemelex Xobeh's fourth power
 12407 | D:9      | Received a gift from Nemelex Xobeh
 12408 | D:9      | Noticed Pikel
 12536 | D:9      | Found a bloodstained altar of Trog.
 12536 | D:9      | Noticed Erolcha
 12619 | D:9      | Reached skill level 1 in Fire Magic
 12629 | D:9      | Killed Pikel
 12629 | D:9      | Reached skill level 10 in Evocations
 12821 | D:9      | Reached XP level 11. HP: 71/77 MP: 24/24
 12877 | D:9      | Gained mutation: Armour fits poorly on your strangely shaped body. [helix card]
 12890 | D:9      | Killed Erolcha
 13018 | D:9      | Noticed Maurice
 13033 | D:9      | Killed Maurice
 13050 | D:9      | Received a gift from Nemelex Xobeh
 13074 | D:9      | Acquired Nemelex Xobeh's fifth power
 13173 | D:9      | Found a shimmering altar of Xom.
 13451 | D:9      | Found a deep blue altar of Sif Muna.
 13474 | D:9      | Identified Sif Muna's Tome of Beguiling
 13484 | D:9      | Received a gift from Nemelex Xobeh
 13543 | D:10     | Entered Level 10 of the Dungeon
 13706 | D:10     | Received a gift from Nemelex Xobeh
 14163 | D:10     | Reached skill level 5 in Unarmed Combat
 14308 | D:10     | Noticed an unseen horror
 14335 | D:10     | Killed an unseen horror
 14860 | D:10     | Received a gift from Nemelex Xobeh
 14863 | D:10     | Reached skill level 5 in Fighting
 15015 | D:10     | Noticed a hill giant
 15024 | D:10     | Killed a hill giant
 15385 | D:10     | Received a gift from Nemelex Xobeh
 15428 | D:10     | Noticed a hill giant
 15582 | D:11     | Noticed Fannar
 15712 | D:11     | Received a gift from Nemelex Xobeh
 16387 | D:11     | Received a gift from Nemelex Xobeh
 16953 | D:11     | Received a gift from Nemelex Xobeh
 17052 | D:11     | Reached XP level 12. HP: 57/80 MP: 25/25
 17681 | D:12     | Lost mutation: Armour fits poorly on your strangely shaped body. [helix card]
 17681 | D:12     | Gained mutation: Your flesh is heat resistant. [helix card]
 17681 | D:12     | Received a gift from Nemelex Xobeh
 17685 | D:12     | Gained mutation: Your magical capacity is low (-10% MP). [helix card]
 17687 | D:12     | Reached skill level 10 in Fighting
 17687 | D:12     | Reached XP level 13. HP: 86/95 MP: 24/24
 17693 | D:12     | Received a gift from Nemelex Xobeh
 17917 | D:12     | Noticed a six-headed hydra
 17929 | D:12     | Killed a six-headed hydra
 18228 | D:12     | Got a heavily jewelled robe
 18229 | D:12     | Identified the +2 robe "Eduosuh" {rElec rF+ Stlth} (You found it on level 12 of the Dungeon)
 18249 | D:12     | Learned a level 1 spell: Apportation
 18821 | D:12     | Found an iron altar of Okawaru.
 18821 | D:12     | Found an iron altar of Okawaru.
 18849 | D:12     | Slain by a naga warrior

Action                   |  1- 3 |  4- 6 |  7- 9 | 10-12 | 13-15 || total
-------------------------+-------+-------+-------+-------+-------++-------
Melee: Short sword       |    85 |       |       |       |       ||    85
       Whip              |    45 |   249 |   500 |   100 |    42 ||   936
       Trident           |       |       |    51 |   473 |    36 ||   560
Throw: Dart              |       |     6 |     3 |       |       ||     9
Invok: Draw One          |       |       |       |    68 |    16 ||    84
 Abil: Bottle Blood      |       |     2 |     5 |       |       ||     7
Evoke: Wand              |     1 |       |    43 |    27 |       ||    71
       Deck              |       |       |     4 |     2 |       ||     6
       Miscellaneous     |       |       |       |     1 |       ||     1
  Use: Potion            |     2 |     2 |    11 |     5 |     2 ||    22
       Scroll            |       |       |    22 |    15 |     2 ||    39
 Stab: Sleeping          |     1 |       |     2 |       |       ||     3
